 Dungeon Crawl Stone Soup version 0.23.1 (webtiles) character file.

Game seed: 5957723551789385443

441 misha the Spear-Bearer (level 7, -3/58 HPs)
             Began as a Merfolk Berserker on Mar 2, 2019.
             Was a Priest of Trog.
             Slain by an orc wizard
             ... wielding a +0 dagger
              (7 damage)
             ... on level 4 of the Dungeon.
             The game lasted 00:12:11 (6340 turns).

misha the Spear-Bearer (Merfolk Berserker)          Turns: 6340, Time: 00:12:12

Health: -3/58      AC:  3    Str: 19    XL:     7   Next: 2%
Magic:  7/7        EV: 10    Int:  6    God:    Trog [***...]
Gold:   197        SH:  0    Dex: 14    Spells: 6/6 levels left

rFire    + . .     SeeInvis .   B - +0 halberd
rCold    . . .     Gourm    +   (shield currently unavailable)
rNeg     . . .     Faith    .   b - +0 animal skin
rPois    .         Spirit   .   (no helmet)
rElec    .         Reflect  .   (no cloak)
rCorr    .         Harm     .   p - +0 pair of gloves
MR       .....                  (no boots)
Stlth    +.........             t - amulet of the gourmand
HPRegen  0.19/turn              q - ring of protection from cold
MPRegen  0.10/turn              s - ring of fire

@: berserk cooldown, slowed, constricted, very slow
A: change form in water, swift swim, stealthy swim
a: Berserk, Trog's Hand, Renounce Religion


You were on level 4 of the Dungeon.
You worshipped Trog.
Trog was most pleased with you.
You were not hungry.

You visited 1 branch of the dungeon, and saw 4 of its levels.

You collected 197 gold pieces.

Inventory:

Hand Weapons
 B - a +0 halberd (weapon)
Missiles
 f - 5 needles of sleeping
 n - 5 poisoned javelins (quivered)
 o - 125 stones
Armour
 b - a +0 animal skin (worn)
 p - a +0 pair of gloves (worn)
Jewellery
 q - a ring of protection from cold (left hand)
 s - a ring of fire (right hand)
 t - an amulet of the gourmand (around neck)
 w - an uncursed ring of see invisible {unknown}
Wands
 x - a wand of random effects (13)
 C - a wand of acid (7)
Scrolls
 d - 6 scrolls of identify {unknown}
 e - a scroll of enchant armour {unknown}
 g - 3 scrolls of remove curse {unknown}
 i - a scroll of amnesia {unknown}
 j - a scroll of fear {unknown}
 k - 5 scrolls of teleportation {unknown}
 v - a scroll of magic mapping {unknown}
 y - a scroll of blinking {unknown}
 z - 2 scrolls of immolation {unknown}
Potions
 a - a potion of brilliance {unknown}
 h - a potion of might {unknown}
 l - a potion of curing {unknown}
 m - 2 potions of flight {unknown}
 r - a potion of berserk rage {unknown}
 u - a potion of heal wounds
 A - a potion of agility {unknown}
Comestibles
 c - a ration


   Skills:
 + Level 6.2 Fighting
 + Level 8.5 Polearms
 - Level 1.4 Armour
 - Level 2.7 Dodging


You had 6 spell levels left.
You didn't know any spells.
Your spell library was empty.

Dungeon Overview and Level Annotations

Branches:
Dungeon (4/15)
 Temple: D:4-7

Altars:
Fedhas


Message History

* * * LOW HITPOINT WARNING * * *
The ball python closely misses you. The ball python misses you.
The orc wizard casts a spell.
The orc wizard blinks!
The orc hits you but does no damage.
The ball python bites you but does no damage.
The ball python grabs you. The ball python constricts you.
You escape the ball python's grasp.
The orc wizard hits you with a +0 dagger.
* * * LOW HITPOINT WARNING * * *
The orc wizard closely misses you. The ball python closely misses you.
The ball python grabs you. The ball python constricts you.
The orc hits you with a +0 whip.
* * * LOW HITPOINT WARNING * * *
Okay, then.
You eat one of the 2 rations.
That ration really hit the spot!
The ball python bites you but does no damage.
* * * LOW HITPOINT WARNING * * *
The ball python constricts you.
The orc wizard hits you with a +0 dagger!
You die...

##..#####...........######
...# #####............#
..## ###...######## .##
#...# ## #..## # #..# #
##..# # #...# # #.o@# #
### #.So# ###.## #..##
.#...# #..# .)...# #..#
....## #..# ...^# #####..#
.)..# ##......# ...##
##.......#


You could see an orc wizard, an orc and a ball python.

Vanquished Creatures
  An ogre (D:4)
  An orc wizard (D:4)
  Jessica (D:2)
  Ijyb (D:4)
  2 worker ants (D:4)
  Robin (D:4)
  6 gnolls
  4 adders
  A worm (D:3)
  5 dart slugs
  3 leopard geckos
  3 orcs (D:4)
  5 giant cockroaches
  15 hobgoblins
  11 jackals
  3 quokkas (D:2)
  8 bats
  A frilled lizard (D:2)
  17 goblins
  4 kobolds
  10 rats
103 creatures vanquished.

Notes
Turn   | Place    | Note
-------+----------+-------------------------------------------
     0 | D:1      | misha the Merfolk Berserker began the quest for the Orb.
     0 | D:1      | Reached XP level 1. HP: 18/18 MP: 1/1
   850 | D:1      | Reached skill level 5 in Polearms
   850 | D:1      | Reached XP level 2. HP: 24/24 MP: 2/2
  1729 | D:1      | Reached XP level 3. HP: 30/30 MP: 3/3
  2586 | D:2      | Reached ** piety under Trog
  2766 | D:2      | Reached skill level 6 in Polearms
  2766 | D:2      | Reached XP level 4. HP: 37/37 MP: 4/4
  2772 | D:2      | Noticed Jessica
  2778 | D:2      | Killed Jessica
  2778 | D:2      | Reached XP level 5. HP: 43/43 MP: 5/5
  3963 | D:3      | Reached skill level 7 in Polearms
  3969 | D:3      | Reached skill level 5 in Fighting
  4440 | D:3      | Found a blossoming altar of Fedhas.
  5466 | D:4      | Reached XP level 6. HP: 51/51 MP: 6/6
  5841 | D:4      | Noticed a phantom
  5850 | D:4      | Reached skill level 8 in Polearms
  5915 | D:4      | Noticed Ijyb
  5926 | D:4      | Killed Ijyb
  6019 | D:4      | Noticed Robin
  6035 | D:4      | Killed Robin
  6035 | D:4      | Reached *** piety under Trog
  6317 | D:4      | Reached XP level 7. HP: 56/58 MP: 7/7
  6340 | D:4      | Slain by an orc wizard

Skill      XL: |  1  2  3  4  5  6 |
---------------+-------------------+-----
Polearms       | 5 6 7 8 |  8.5
Fighting       | 4 5 6 |  6.2
Armour         | |  1.4
Dodging        | |  2.7

Action                   |  1- 3 |  4- 6 |  7- 9 || total
-------------------------+-------+-------+-------++-------
Melee: Spear             |   148 |   155 |       ||   303
       Halberd           |       |    63 |     8 ||    71
Invok: Berserk           |     1 |     4 |       ||     5
 Stab: Sleeping          |     7 |     2 |       ||     9
  Eat: Chunk             |     5 |     6 |       ||    11
       Ration            |       |     3 |     1 ||     4
Armor: Animal skin       |    19 |    30 |    15 ||    64
Dodge: Dodged            |    58 |   132 |    24 ||   214
